 Dungeon Crawl Stone Soup version 0.28-a0-957-g42eb19b844 (webtiles) character file.

Game seed: 12725383756232175441

37211 ytrimaz the Severer (level 13, -6/190 HPs)
             Began as a Minotaur Berserker on Nov 30, 2021.
             Was a High Priest of Trog.
             Mangled by a skeletal warrior (21 damage)
             ... led by a skeletal warrior
             ... on level 12 of the Dungeon.
             The game lasted 00:31:14 (14817 turns).

ytrimaz the Severer (Minotaur Berserker)           Turns: 14817, Time: 00:31:15

Health: -6/190     AC: 23    Str: 33    XL:     13   Next: 57%
Magic:  12/12      EV: 12    Int:  4    God:    Trog [*****.]
Gold:   1926       SH:  0    Dex: 10    Spells: 12/12 levels left

rFire   . . .      SeeInvis +   F - +1 battleaxe (elec)
rCold   + . .      Faith    .   (shield currently unavailable)
rNeg    . . .      Spirit   .   p - +2 plate armour {rC+}
rPois   +          Reflect  .   (helmet unavailable)
rElec   +          Harm     .   P - +0 cloak {Will+}
rCorr   +          Rampage  .   q - +2 pair of gloves
Will    +....                   o - +0 pair of boots
Stlth   ..........              Z - amulet of regeneration
HPRegen 1.21/turn               e - +6 ring of strength
MPRegen 0.13/turn               I - ring of Askum {rPois rCorr}

@: berserking, slowed, studying Staves
A: horns 3, retaliatory headbutt, see invisible, electricity resistance
a: Renounce Religion, Berserk, Trog's Hand, Brothers in Arms


You were on level 12 of the Dungeon.
You worshipped Trog.
Trog was extremely pleased with you.
You visited 2 branches of the dungeon, and saw 13 of its levels.
You also visited: Bailey, Gauntlet and Ice Cave.

You collected 2274 gold pieces.
You spent 348 gold pieces at shops.

Inventory:

Hand Weapons
 a - a +0 battleaxe of freezing
 F - a +1 battleaxe of electrocution (weapon)
 Q - a +3 antimagic battleaxe
Missiles
 L - 15 boomerangs (quivered)
 V - 8 javelins
Armour
 o - a +0 pair of boots (worn)
 p - a +2 plate armour of cold resistance (worn)
 q - a +2 pair of gloves (worn)
 P - a +0 cloak of willpower (worn)
Jewellery
 e - a +6 ring of strength (left hand)
 w - a +6 ring of dexterity
 I - the ring of Askum (right hand) {rPois rCorr}
   (You found it in a Gauntlet)

   [ring of poison resistance]

   rPois:     It protects you from poison.
   rCorr:     It protects you from acid and corrosion.
 K - a +6 ring of strength
 Z - an amulet of regeneration (around neck)
Wands
 k - a wand of flame (39)
 r - a wand of mindburst (15)
 B - a wand of paralysis (10)
Scrolls
 d - a scroll of fear
 j - 3 scrolls of vulnerability
 m - 2 scrolls of enchant weapon
 t - 2 scrolls of teleportation
 C - a scroll of silence
 G - 3 scrolls of blinking
 N - a scroll of fog
 X - a scroll of enchant armour
Potions
 b - a potion of invisibility
 c - 6 potions of curing
 f - 2 potions of lignification
 h - 2 potions of attraction
 i - 3 potions of flight
 n - a potion of cancellation {unknown}
 s - a potion of resistance
 x - 2 potions of mutation
 z - a potion of haste
 E - 3 potions of magic {unknown}
 R - 4 potions of heal wounds
 S - a potion of degeneration {unknown}
Miscellaneous
 A - a condenser vane


   Skills:
 + Level 15.3 Fighting
 + Level 16.5 Axes
 * Level 5.4 Throwing
 * Level 11.2 Armour
 + Level 11.4 Dodging


You had 12 spell levels left.
You didn't know any spells.
Your spell library contained the following spells:

 Spells                   Type           Power      Damage    Failure   Level
 Ensorcelled Hibernation  Hex/Ice        0%         N/A       99%         2
 Hailstorm                Conj/Ice       0%         3d3       100%        4
 Summon Ice Beast         Ice/Summ       0%         N/A       100%        4
 Polar Vortex             Ice            0%         N/A       100%        9


Dungeon Overview and Level Annotations

Branches:
Dungeon (12/15)            Temple (1/1) D:4            Lair (0/6) D:10
    Orc (0/2) D:9          Bailey (visited)           IceCv (visited)
Gauntlet (visited)

Altars:
Ashenzari
Cheibriados
Dithmenos
Elyvilon
Fedhas
Gozag
Hepliaklqana
Kikubaaqudgha
Makhleb
Nemelex Xobeh
Okawaru
Qazlal
Ru
Sif Muna
Trog
Uskayaw
Vehumet
Wu Jian
Xom
Yredelemnul
Zin
The Shining One

Shops:
D:4 *   D:9 *


Innate Abilities, Weirdness & Mutations

You have a pair of large horns on your head.
You reflexively headbutt those who attack you in melee.
You have supernaturally acute eyesight. (SInv)
You are resistant to electric shocks. (rElec)


Message History

* * * LOW HITPOINT WARNING * * *
The skeletal warrior completely misses you.
You furiously retaliate!
You headbutt the skeletal warrior!!
You feel the power of Trog in you as your rage grows.
You destroy the skeletal warrior!
Trog accepts your kill.
You closely miss the skeletal warrior.
The skeletal warrior is almost destroyed.
You hit the skeletal warrior but do no damage.
The skeletal warrior hits you but does no damage.
The skeletal warrior barely misses you.
Unknown command.
You slash the skeletal warrior!
Your headbutt misses the skeletal warrior.
The skeletal warrior is moderately damaged.
You hit the skeletal warrior but do no damage.
You slash the skeletal warrior!
Lightning courses through the skeletal warrior!
The skeletal warrior hits you but does no damage.
The skeletal warrior hits you with a +0 glaive!!
* * * LOW HITPOINT WARNING * * *
The skeletal warrior closely misses you.
Unknown command.
You carve the skeletal warrior like a ham!!!
The skeletal warrior is almost destroyed.
You slice the skeletal warrior!! x2
Lightning courses through the skeletal warrior!
You destroy the skeletal warrior!
Trog accepts your kill.
The skeletal warrior hits you with a +0 short sword.
* * * LOW HITPOINT WARNING * * *
The skeletal warrior hits you but does no damage.
Unknown command.
You hit the skeletal warrior.
Your headbutt misses the skeletal warrior.
The skeletal warrior is almost destroyed.
You slice the skeletal warrior!!
The skeletal warrior hits you but does no damage.
The skeletal warrior hits you with a +0 battleaxe!!
You die...

,,,,* #.....(...#.* #....###,*
,,,,* #.........+,* #......#,*
,,,,* *#........#####.####.#,*
,,,,* #..............####.#,*
,,,,*****##...................#,*
,,,,,,,,,.....................#,,
,,,,,,,,,....................##**
,,,,,,,,,......z.)...........#
,,,,,,,,,......)@.....[......#
,,,,,,,,,......)z............#
,,,,,,,,,.)..................#***
,,,,,,,,,.....................,,,
,,,,,,,,,............$....,,,****
,,,<,,,,,.............[..,,,,*
,,*******#####..........,,,,,*
,,* #..........,,,,,* ***
*,,,,,,,,,,,,,,,*


You could see 2 skeletal warriors.

Vanquished Creatures
  Gastronok (D:8)
  A frost giant (IceCv)
  A minotaur (Gauntlet)
  A two-headed ogre (D:11)
  2 centaur warriors
  9 death yaks
  Erica (D:8)
  A tengu warrior (D:10)
  The ghost of pdpol the Fighter, a novice PaWr of Okawaru (D:5)
  3 skeletal warriors (D:12)
  2 orc knights (Bailey)
  2 orange crystal statues (Gauntlet)
  An ugly thing (D:12)
  Maurice (D:8)
  A smoke demon (Gauntlet)
  Joseph (D:8)
  A minotaur zombie (Gauntlet)
  An ice statue (IceCv)
  3 gargoyles
  Maggie (D:6)
  4 kobold demonologists
  An unseen horror (D:11)
  9 rime drakes
  A komodo dragon (D:10)
  A red devil (Gauntlet)
  A troll (D:11)
  5 polar bears (IceCv)
  3 hornets
  A meliai zombie (D:10)
  5 shadows
  2 vampires (D:11)
  27 yaks
  2 wraiths
  A wyvern (D:7)
  A basilisk (D:11)
  2 steam dragons
  6 vampire mosquitoes
  3 acid dragons
  3 water moccasins (D:7)
  11 orc warriors
  A sky beast (D:7)
  An ice beast (D:6)
  2 ogres (D:5)
  A centaur (D:9)
  8 wolves (IceCv)
  2 kobold brigands (D:8)
  2 bullfrogs
  2 gnoll sergeants
  4 scorpions
  A wyvern skeleton (D:5)
  5 water moccasin zombies
  A troll zombie (D:9)
  9 killer bees (D:9)
  3 electric eels (Bailey)
  4 wights (D:8)
  A howler monkey (D:9)
  4 centaur zombies
  3 crimson imps
  2 jellies
  4 quasits (D:5)
  4 hounds
  Crazy Yiuf (D:3)
  2 gnoll shamans
  4 orc priests
  A centaur skeleton (D:7)
  3 bullfrog skeletons
  2 iguanas
  Terence (D:3)
  14 orc wizards
  A hell rat (D:10)
  5 ogre zombies (D:9)
  A howler monkey zombie (D:9)
  A howler monkey skeleton (D:4)
  7 adders
  21 gnolls
  2 river rats (D:10)
  A shadow imp (D:5)
  4 white imps
  An ufetubus (D:7)
  2 adder skeletons (D:4)
  40 orcs
  5 endoplasms
  18 goblins
  12 hobgoblins
  15 kobolds
  2 quokkas
  8 ball pythons
  4 bats
  4 frilled lizards
  3 goblin skeletons (D:9)
  A goblin zombie (D:9)
  A hobgoblin skeleton (D:9)
  A hobgoblin zombie (D:9)
  2 orc skeletons (D:9)
  11 orc zombies (D:9)
  3 rats (D:1)
392 creatures vanquished.

Vanquished Creatures (others)
  24 demonic plants (Gauntlet)
24 creatures vanquished.

Grand Total: 416 creatures vanquished

Notes
Turn   | Place    | Note
-------+----------+-------------------------------------------
     0 | D:1      | ytrimaz the Minotaur Berserker began the quest for the Orb.
     0 | D:1      | Reached XP level 1. HP: 19/19 MP: 0/0
   275 | D:1      | Reached skill level 4 in Axes
   275 | D:1      | Reached XP level 2. HP: 26/27 MP: 1/1
   604 | D:1      | Found a faded altar of an unknown god.
   970 | D:2      | Reached XP level 3. HP: 22/34 MP: 2/2
  1244 | D:2      | Reached ** piety under Trog
  1246 | D:2      | Found a shimmering blue altar of Sif Muna.
  1877 | D:3      | Reached XP level 4. HP: 36/41 MP: 3/3
  1888 | D:3      | Reached skill level 5 in Axes
  2252 | D:3      | Reached XP level 5. HP: 47/47 MP: 4/4
  2416 | D:3      | Found a runed translucent door.
  2417 | D:3      | Noticed Crazy Yiuf
  2745 | D:3      | Noticed Terence
  2756 | D:3      | Killed Terence
  2757 | D:3      | Reached skill level 5 in Fighting
  3022 | D:3      | Killed Crazy Yiuf
  3023 | D:3      | Reached skill level 6 in Axes
  3237 | D:4      | Reached XP level 6. HP: 56/56 MP: 5/5
  3308 | D:4      | Found a staircase to the Ecumenical Temple.
  3388 | D:4      | Found Ohulaung's Neck Hole.
  3909 | D:4      | Reached skill level 7 in Axes
  4070 | Temple   | Entered the Ecumenical Temple
  4328 | D:5      | Entered Level 5 of the Dungeon
  4334 | D:5      | Reached *** piety under Trog
  4345 | D:5      | Found a transporter.
  4346 | D:5      | Noticed pdpol's ghost (novice PaWr)
  4367 | D:5      | Found a transporter.
  4382 | D:5      | Reached XP level 7. HP: 59/62 MP: 6/6
  4400 | D:5      | Killed pdpol's ghost
  4401 | D:5      | Reached skill level 9 in Axes
  4401 | D:5      | Reached XP level 8. HP: 71/71 MP: 7/7
  4632 | D:5      | Reached skill level 10 in Axes
  4907 | D:5      | Reached skill level 5 in Dodging
  5707 | D:6      | Reached skill level 11 in Axes
  5758 | D:6      | Reached XP level 9. HP: 79/79 MP: 8/8
  6046 | D:6      | Noticed Maggie
  6056 | D:6      | Killed Maggie
  6348 | D:6      | Reached **** piety under Trog
  6592 | D:7      | Reached skill level 12 in Axes
  7326 | D:8      | Noticed Gastronok
  7330 | D:8      | Reached skill level 13 in Axes
  7330 | D:8      | Reached skill level 5 in Armour
  7346 | D:8      | Killed Gastronok
  7347 | D:8      | Reached XP level 10. HP: 91/91 MP: 9/9
  7407 | D:8      | Reached skill level 14 in Axes
  7941 | D:8      | Noticed Erica
  7945 | D:8      | Noticed Joseph
  7949 | D:8      | Killed Erica
  7950 | D:8      | Reached skill level 10 in Fighting
  7954 | D:8      | Killed Joseph
  8626 | D:8      | Noticed Maurice
  8637 | D:8      | Killed Maurice
  8638 | D:8      | Reached XP level 11. HP: 98/102 MP: 10/10
  8919 | D:9      | Noticed a centaur warrior
  8924 | D:9      | Reached ***** piety under Trog
  8937 | D:9      | Killed a centaur warrior
  9407 | D:9      | Found a staircase to the Orcish Mines.
  9867 | D:9      | Found Meafolurch's General Store.
  9872 | D:9      | Bought a +1 battleaxe of electrocution for 348 gold pieces
 10614 | D:10     | Entered Level 10 of the Dungeon
 10737 | D:10     | Noticed a tengu warrior
 10747 | D:10     | Killed a tengu warrior
 10748 | D:10     | Reached skill level 10 in Dodging
 11035 | D:10     | Found a sparkling altar of Nemelex Xobeh.
 11263 | D:10     | Found a staircase to the Lair.
 11263 | D:10     | Noticed a death yak
 11263 | D:10     | Noticed a death yak
 11264 | D:10     | Noticed a death yak
 11273 | D:10     | Killed a death yak
 11278 | D:10     | Killed a death yak
 11281 | D:10     | Killed a death yak
 11593 | D:11     | Noticed a two-headed ogre
 11700 | D:11     | Found a flagged portal.
 11724 | Bailey   | Entered a bailey
 11901 | Bailey   | Found an iron altar of Okawaru.
 11913 | Bailey   | Reached XP level 12. HP: 107/117 MP: 11/11
 12110 | Bailey   | Reached skill level 1 in Throwing
 12394 | Bailey   | Received a gift from Trog
 12458 | D:10     | Acquired 1180 gold pieces
 13015 | D:11     | Killed a two-headed ogre
 13405 | D:11     | Noticed a centaur warrior
 13421 | D:11     | Killed a centaur warrior
 13422 | D:11     | Reached skill level 15 in Axes
 13542 | D:11     | Gained mutation: Your mind is acute. (Int +2) [potion of
                  | mutation]
 13542 | D:11     | Lost mutation: Your mind is acute. (Int +2) [potion of
                  | mutation]
 13543 | D:11     | Gained mutation: You sometimes lose the ability to read
                  | scrolls when taking damage. [potion of mutation]
 13543 | D:11     | Gained mutation: You are weak. (Str -2) [potion of
                  | mutation]
 13543 | D:11     | Gained mutation: You have a pair of large horns on your
                  | head. [potion of mutation]
 13544 | D:11     | Lost mutation: You sometimes lose the ability to read
                  | scrolls when taking damage. [potion of mutation]
 13544 | D:11     | Lost mutation: You are weak. (Str -2) [potion of mutation]
 13544 | D:11     | Gained mutation: You are resistant to electric shocks.
                  | (rElec) [potion of mutation]
 13544 | D:11     | Gained mutation: You have supernaturally acute eyesight.
                  | (SInv) [potion of mutation]
 13590 | D:12     | Found a gate leading to a gauntlet.
 13599 | Gauntlet | Entered a Gauntlet
 13599 | Gauntlet | Found a transporter.
 13599 | Gauntlet | Found a transporter.
 13599 | Gauntlet | Found a transporter.
 13599 | Gauntlet | Found a transporter.
 13603 | Gauntlet | Found a transporter.
 13603 | Gauntlet | Found a transporter.
 13613 | Gauntlet | Found a transporter.
 13617 | Gauntlet | Found a transporter.
 13627 | Gauntlet | Found a transporter.
 13627 | Gauntlet | Noticed a reaper
 13728 | Gauntlet | Found a transporter.
 13732 | Gauntlet | Found a transporter.
 13742 | Gauntlet | Found a transporter.
 13891 | Gauntlet | Identified the ring of Askum {rPois rCorr}
 13993 | Gauntlet | Identified the +0 chain mail of Going Fast {Str+3}
 13993 | Gauntlet | Identified the ring "Xuetyr" {Fire +Blink rN+ Str+3 Int-5
                  | Dex+3}
 13993 | Gauntlet | Noticed a minotaur
 13998 | Gauntlet | Killed a minotaur
 14009 | Gauntlet | Identified the +5 chain mail of Insecurity {Contam Int+6
                  | Dex+3}
 14081 | D:12     | Found a frozen archway.
 14093 | IceCv    | Entered an ice cave
 14103 | IceCv    | Reached skill level 10 in Armour
 14187 | IceCv    | Reached XP level 13. HP: 118/125 MP: 12/12
 14434 | IceCv    | Reached skill level 15 in Fighting
 14451 | IceCv    | Reached skill level 16 in Axes
 14502 | IceCv    | Noticed a frost giant
 14517 | IceCv    | Killed a frost giant
 14518 | IceCv    | Reached skill level 5 in Throwing
 14578 | IceCv    | Got the Disquisition on Cold
 14817 | D:12     | Mangled by a skeletal warrior

Illustrated notes

Levels and vault maps discovered:
D:1:      beargit_arrival_diablo_church, layout_rooms,
          hellmonk_ecumenical_altar_run_dry, st_stairs_13,
          hangedman_decor_peaks_small, minmay_statues_item
D:2:      layout_basic, basic_altar
D:3:      layout_basic, uniq_crazy_yiuf_cottage, uniq_terence
D:4:      layout_loops_corners, minmay_temple_entry_mini_moons,
          minmay_misc_feat_tiny, nicolae_shop_sticking_my_neck_out
D:5:      layout_gridville, gammafunk_ghost_stat_death, st_stairs_14
D:6:      layout_basic, minmay_fire_ice_demons, uniq_maggie
D:7:      layout_rooms
D:8:      layout_loops_cross, uniq_maurice, uniq_erica, uniq_gastronok,
          uniq_joseph
D:9:      layout_irregular_city, zombieorc1_lemuel, serial_shops,
          nicolae_shop_hallway_stairs
D:10:     layout_roguey, mainiacjoe_overflow_alcove_4, dpeg_lair_monsters
D:11:     minmay_s_stair_smasher, layout_cave_pools, enter_bailey_5
D:12:     layout_basic, portal_ice_cave_rime, gauntlet_entry_generic,
          nicolae_uskayaw_dance_hall, uniq_azrael
Temple:   mainiacjoe_temple_archimedes_tessellation

Skill      XL: |  1  2  3  4  5  6  7  8  9 10 11 12 13 |
---------------+----------------------------------------+-----
Axes           | 4 5 6 7 9 11 13 14 15 16 | 16.5
Fighting       | 4 5 6 7 9 11 14 15 | 15.3
Dodging        | 3 4 5 7 8 11 | 11.4
Armour         | 3 4 5 10 11 | 11.2
Throwing       | 3 5 |  5.4

Action                   |  1- 3 |  4- 6 |  7- 9 | 10-12 | 13-15 || total
-------------------------+-------+-------+-------+-------+-------++-------
Melee: Hand axe          |    49 |    57 |       |       |       ||   106
       Headbutt          |     7 |    25 |    47 |   130 |    28 ||   237
       War axe           |       |    46 |   165 |   188 |       ||   399
       Battleaxe         |       |       |       |   212 |    86 ||   298
Throw: Boomerang         |       |       |       |    18 |       ||    18
Invok: Berserk           |       |     1 |     2 |     7 |     2 ||    12
       Trog's Hand       |       |       |     2 |     4 |     3 ||     9
       Brothers in Arms  |       |       |       |     1 |       ||     1
  Use: Scroll            |     4 |     6 |     5 |    13 |       ||    28
       Potion            |       |       |       |     4 |       ||     4
Armor: Animal skin       |    15 |     3 |       |       |       ||    18
       Leather armour    |       |    21 |    60 |       |       ||    81
       Steam dragon scal |       |       |    18 |    70 |       ||    88
       Plate armour      |       |       |       |   142 |    62 ||   204
Dodge: Dodged            |    32 |    61 |   156 |   313 |    46 ||   608

Table legend: (Time is in decaauts)
 A = Elapsed time spent in this place.
 B = Non-inter-level travel time spent in this place.
 C = Inter-level travel time spent in this place.
 D = Time resting spent in this place.
 E = Time spent auto-exploring this place.
 F = Levels seen in this place.
 G = Mean time per level.
                   A        B        C        D        E       F      G
               +--------+--------+--------+--------+--------+-----+--------+
         Total |  14875 |  14395 |    480 |   1023 |  10522 |  16 |  929.7 |
       Dungeon |  12844 |  12389 |    455 |    905 |   9476 |  12 | 1070.3 |
        Temple |    235 |    210 |     25 |      0 |    190 |   1 |  235.0 |
        Bailey |    717 |    717 |      0 |     70 |    413 |   1 |  717.0 |
      Ice Cave |    629 |    629 |      0 |     41 |    277 |   1 |  629.0 |
      Gauntlet |    447 |    447 |      0 |      7 |    165 |   1 |  447.0 |
               +--------+--------+--------+--------+--------+-----+--------+

Top non-repeatable levels by time:
     D:9: 1826 daAuts
     D:8: 1455 daAuts
     D:3: 1339 daAuts
     D:5: 1208 daAuts
    D:11: 1164 daAuts
    D:10: 1100 daAuts
     D:2: 1039 daAuts
     D:6: 1029 daAuts
     D:4: 940 daAuts
     D:1: 790 daAuts
     D:7: 752 daAuts
  Bailey: 717 daAuts
   IceCv: 629 daAuts
Gauntlet: 447 daAuts
  Temple: 235 daAuts
